 Dungeon Crawl Stone Soup version 0.28-a0-620-g539b0f7ac7 (webtiles) character file.

Game seed: 915971758708630805

716 bande the Chopper (level 7, -1/44 HPs)
             Began as a Gargoyle Fighter on Oct 6, 2021.
             Was an Initiate of Okawaru.
             Slain by an orc warrior (7 damage)
             ... on level 5 of the Dungeon.
             The game lasted 00:06:41 (4828 turns).

bande the Chopper (Gargoyle Fighter)                Turns: 4828, Time: 00:06:42

Health: -1/44      AC: 12    Str: 21    XL:     7   Next: 69%
Magic:  7/7        EV:  9    Int:  8    God:    Okawaru [......]
Gold:   180        SH:  5    Dex: 10    Spells: 6/6 levels left

rFire   + . .      SeeInvis .   o - +0 hand axe (freeze)
rCold   . . .      Faith    .   c - +1 buckler
rNeg    + . .      Spirit   .   b - +0 scale mail
rPois   ∞          Reflect  .   (no helmet)
rElec   +          Harm     .   (no cloak)
rCorr   .          Rampage  .   (no gloves)
Will    .....                   (no boots)
Stlth   ..........              p - amulet of regeneration
HPRegen 1.14/turn               j - ring of protection from fire
MPRegen 0.10/turn               (no ring)

@: no status effects
A: sickness immunity, AC +4, negative energy resistance 1, electricity
resistance, torment resistance 1, petrification resistance
a: Renounce Religion


You were on level 5 of the Dungeon.
You worshipped Okawaru.
Okawaru was noncommittal.
You visited 1 branch of the dungeon, and saw 5 of its levels.

You collected 180 gold pieces.

Inventory:

Hand Weapons
 a - a +1 war axe
 o - a +0 hand axe of freezing (weapon)
Armour
 b - a +0 scale mail (worn)
 c - a +1 buckler (worn)
Jewellery
 h - an amulet of magic regeneration
 j - a ring of protection from fire (left hand)
 l - a ring of magical power
 n - an amulet of reflection
 p - an amulet of regeneration (around neck)
Scrolls
 f - a scroll of fog
Potions
 d - a potion of might
 e - 3 potions of curing
 g - 2 potions of cancellation
 i - a potion of heal wounds {unknown}
 k - 2 potions of berserk rage
 m - a potion of degeneration {unknown}


   Skills:
 + Level 4.8 Fighting
 + Level 5.7 Axes
 + Level 5.1 Armour
 + Level 4.3 Shields


You had 6 spell levels left.
You didn't know any spells.
Your spell library was empty.

Dungeon Overview and Level Annotations

Branches:
Dungeon (5/15)
 Temple: D:4-7

Altars:
Hepliaklqana
Okawaru
The Shining One

Annotations:
D:3 1 runed translucent door
D:5 Eustachio


Innate Abilities, Weirdness & Mutations

You are immune to sickness and miasma.
Your stone body is resilient. (AC +4)
You are immune to poison.
You resist negative energy. (rN+)
You are resistant to electric shocks. (rElec)
You are resistant to unholy torment.
You are immune to petrification.


Message History

The river rat bites you.
Unknown command.
You hit the orc warrior. You freeze the orc warrior.
The orc warrior is lightly wounded.
You barely miss the river rat. You hit the quokka. You freeze the quokka.
You kill the quokka!
The quokka's corpse disappears in a puff of smoke!
You hit the iron imp but do no damage. The bat closely misses you.
The iron imp hits you but does no damage.
The orc warrior hits you with a +0 battleaxe!
The river rat twitches its whiskers.
The river rat bites you. The bat hits you but does no damage.
Eustachio yells, "Perjured traitor, DIE!"
The river rat bites you but does no damage.
You hit Eustachio. You freeze Eustachio.
Eustachio is severely wounded.
You barely miss the bat.
You hit the orc warrior but do no damage.
You closely miss the river rat.
The iron imp disappears in a puff of smoke!
The bat hits you but does no damage.
Eustachio mumbles some strange words.
You block the orc warrior's attack. The river rat barely misses you.
You barely miss Eustachio.
Eustachio is severely wounded.
You closely miss the river rat. You barely miss the orc warrior.
You closely miss the crimson imp. Eustachio hits you with a +0 rapier.
The orc warrior closely misses you. The river rat bites you!
* * * LOW HITPOINT WARNING * * *
You block the crimson imp's attack.
You barely miss Eustachio.
Eustachio is severely wounded.
You hit the white imp. You closely miss the river rat. You hit the orc warrior.
You freeze the orc warrior. You miss the bat. You hit the crimson imp.
You freeze the crimson imp. You block the bat's attack.
Eustachio hits you with a +0 rapier.
* * * LOW HITPOINT WARNING * * *
The orc warrior hits you with a +0 battleaxe!
You die...

#.###..# #..###..#
##..##..###..##...#
..#..##..#..##....#
...............#..#
.......####......##
.......# ##......##
......## ##b.5...#
....<## ##.5@5.#
.....#### ##.@.##
........##### ##or#
............# #ss##
..............roh#
..............o..#
..................
..................
..................
...................


You could see Eustachio, an orc warrior, 2 scorpions, a hound, a crimson imp
(summoned), a river rat (summoned), a white imp (summoned), a shadow imp
(summoned), 2 orcs, a quokka (summoned) and a bat (summoned).

Vanquished Creatures
  An ice beast (D:5)
  An ogre (D:5)
  A centaur (D:4)
  2 scorpions (D:3)
  The ghost of gorlok231 the Chiller, a weakling GnIE (D:3)
  3 hounds
  2 centaur skeletons (D:4)
  An iguana (D:4)
  A gnoll (D:4)
  4 adders
  A river rat (D:2)
  A worm (D:3)
  2 dart slugs
  An orc (D:3)
  2 ball pythons
  8 bats
  4 endoplasms
  5 giant cockroaches
  10 goblins
  6 hobgoblins
  2 jackals (D:2)
  5 kobolds
  4 quokkas
  2 frilled lizards
  3 rats
73 creatures vanquished.

Vanquished Creatures (others)
  A plant (D:1)
1 creature vanquished.

Grand Total: 74 creatures vanquished

Notes
Turn   | Place    | Note
-------+----------+-------------------------------------------
     0 | D:1      | bande the Gargoyle Fighter began the quest for the Orb.
     0 | D:1      | Reached XP level 1. HP: 14/14 MP: 1/1
   252 | D:1      | Reached XP level 2. HP: 18/19 MP: 2/2
   727 | D:1      | Found a faded altar of an unknown god.
  1295 | D:2      | Reached XP level 3. HP: 23/23 MP: 3/3
  2184 | D:3      | Reached XP level 4. HP: 19/29 MP: 4/4
  2418 | D:3      | Noticed a scorpion
  2424 | D:3      | Killed a scorpion
  2425 | D:3      | Reached XP level 5. HP: 31/33 MP: 5/5
  2641 | D:3      | Found a runed translucent door.
  2659 | D:3      | Found a runed translucent door.
  2663 | D:3      | Noticed gorlok231's ghost (weakling GnIE)
  2940 | D:3      | Killed gorlok231's ghost
  3214 | D:3      | Reached XP level 6. HP: 18/38 MP: 6/6
  3492 | D:4      | Identified the +7 dagger of the Skies Above {vorpal, +Blink
                  | Will+ Dex-5}
  4205 | D:4      | Reached skill level 5 in Axes
  4205 | D:4      | Reached XP level 7. HP: 28/44 MP: 7/7
  4692 | D:5      | Entered Level 5 of the Dungeon
  4720 | D:5      | Found an iron altar of Okawaru.
  4720 | D:5      | Found a hazy altar of Hepliaklqana.
  4720 | D:5      | Found a glowing golden altar of the Shining One.
  4726 | D:5      | Became a worshipper of Warmaster Okawaru
  4742 | D:5      | Reached skill level 5 in Armour
  4791 | D:5      | Noticed Eustachio
  4828 | D:5      | Slain by an orc warrior

Illustrated notes

Levels and vault maps discovered:
D:1:      denvon_arrival_waterhouse, layout_basic,
          shapermc_ecumenical_altar_notcrosses, serial_bayou_pond_e
D:2:      layout_loops_ring, corexii_item_surrounded_by_moat,
          chequers_serial_rivers_micro_d
D:3:      minmay_skewed_foursquare, layout_basic, ebering_ghost_sewer_f
D:4:      layout_loops_ring, minmay_vboxes
D:5:      layout_cave_pods, gammafunk_temple_overflow_claw,
          minmay_temple_entry_stoned_glass, nicolae_ossuary_entry_ruins,
          st_stairs_3, uniq_pikel, uniq_eustachio

Skill      XL: |  1  2  3  4  5  6  7 |
---------------+----------------------+-----
Axes           | 2 3 4 5 |  5.7
Armour         | 4 5 |  5.1
Fighting       | 4 |  4.8
Shields        | 4 |  4.3

Action                   |  1- 3 |  4- 6 |  7- 9 || total
-------------------------+-------+-------+-------++-------
Melee: War axe           |   148 |   124 |    22 ||   294
       Hand axe          |       |       |    25 ||    25
  Use: Scroll            |     3 |     8 |     1 ||    12
Armor: Scale mail        |   119 |    78 |    39 ||   236
Dodge: Dodged            |   101 |    67 |    35 ||   203
Block: Buckler           |    34 |    45 |    27 ||   106

Table legend: (Time is in decaauts)
 A = Elapsed time spent in this place.
 B = Non-inter-level travel time spent in this place.
 C = Inter-level travel time spent in this place.
 D = Time resting spent in this place.
 E = Time spent auto-exploring this place.
 F = Levels seen in this place.
 G = Mean time per level.
                   A        B        C        D        E       F      G
               +--------+--------+--------+--------+--------+-----+--------+
         Total |   4941 |   4907 |     34 |    936 |   3067 |   5 |  988.2 |
       Dungeon |   4941 |   4907 |     34 |    936 |   3067 |   5 |  988.2 |
               +--------+--------+--------+--------+--------+-----+--------+

Top non-repeatable levels by time:
     D:3: 1761 daAuts
     D:1: 1097 daAuts
     D:4: 1034 daAuts
     D:2: 909 daAuts
     D:5: 139 daAuts
